 Dungeon Crawl Stone Soup version 0.19.5 (webtiles) character file.

116 tricornhat the Slasher (level 4, -3/40 HPs)
             Began as a Demonspawn Berserker on Mar 12, 2017.
             Was a Priest of Trog.
             Slain by a gnoll
             ... wielding a +0 halberd
              (10 damage)
             ... on level 1 of the Dungeon.
             The game lasted 00:08:23 (1691 turns).

tricornhat the Slasher (Demonspawn Berserker)       Turns: 1691, Time: 00:08:24

Health: -3/40      AC:  4    Str: 16 (17) XL:     4   Next: 70%
Magic:  4/4        EV: 12    Int:  5 (9)  God:    Trog [***...]
Gold:   43         SH:  0    Dex: 14 (15) Spells: 0 memorised, 3 levels left

rFire  + . .     SeeInvis .     a - +0 falchion
rCold  + . .     Gourm    .     g - +0 leather armour (curse)
rNeg   . . .     Faith    .     (no shield)
rPois  +         Spirit   .     (no helmet)
rElec  +         Reflect  .     (no cloak)
rCorr  +         Harm     .     o - +0 pair of gloves
MR     .....     Rnd*Tele +     (no boots)
Stlth  ++........               (no amulet)
                                (no ring)
                                (no ring)

@: resistant
A: talons 1, thin skeletal structure 1, deterioration 1, robust 1, teleportitis
1
a: Berserk, Trog's Hand, Burn Spellbooks, Renounce Religion


You were on level 1 of the Dungeon.
You worshipped Trog.
Trog was most pleased with you.
You were not hungry.

You visited 1 branch of the dungeon, and saw 2 of its levels.

You collected 43 gold pieces.

Inventory:

Hand Weapons
 a - a +0 falchion (weapon)
Armour
 b - a +0 animal skin
 g - a cursed +0 leather armour (worn)
 h - a +0 chain mail
 o - a +0 pair of gloves (worn)
Scrolls
 m - a scroll of identify {unknown}
 p - a scroll of recharging {unknown}
Potions
 e - a potion of degeneration
 k - a potion of mutation
Comestibles
 c - a bread ration


   Skills:
 + Level 3.7 Fighting
 * Level 4.1 Long Blades
 + Level 2.1 Armour
 + Level 2.1 Dodging
 + Level 0.4 Stealth


You had 3 spell levels left.
You didn't know any spells.

Dungeon Overview and Level Annotations

Branches:
Dungeon (2/15)

Altars:


Innate Abilities, Weirdness & Mutations

You have sharp toenails.
You have a somewhat thin skeletal structure. (Dex +2, Stealth)
Your body sometimes deteriorates upon taking damage.
You are robust. (+10% HP)
You are occasionally teleported next to monsters.


Message History

The gnoll is moderately wounded.
The gnoll hits you with a halberd!
You hit the gnoll but do no damage. You claw the gnoll, but do no damage.
The gnoll is moderately wounded.
The gnoll hits you with a halberd!
You barely miss the gnoll.
The gnoll is moderately wounded.
The gnoll hits you with a halberd.
* * * LOW HITPOINT WARNING * * *
Your body deteriorates!
You feel dopey.
You closely miss the gnoll. Your kick misses the gnoll.
The gnoll is moderately wounded.
The gnoll closely misses you.
You riposte.
You barely miss the gnoll.
The gnoll is moderately wounded.
You completely miss the gnoll. Your kick misses the gnoll.
The gnoll is moderately wounded.
You hit the gnoll.
The gnoll is severely wounded.
The gnoll hits you with a halberd!
You die...

#.# #.. #.##########
###.#........#
.##.#.......>#
..#.#........# ###
..#..........# #.#
..#..###.#.#.#######.#
.†...###.#.#.#.g@.^..#
.....##........#####.#
.#.#.##........# #...#
...#.#.........# #.###
.........†.##..# #.#
......†..>.##..# #.#
........#......# #.#
#######....###.# #.#
...## #.)......#
#.####


You could see a gnoll.

Vanquished Creatures
  A gnoll (D:1)
  3 adders (D:2)
  2 oozes
  A worm (D:2)
  3 dart slugs (D:1)
  8 giant cockroaches
  7 goblins
  9 hobgoblins
  5 jackals
  2 bats (D:2)
  4 frilled lizards
  2 kobolds
  16 rats
63 creatures vanquished.

Notes
Turn   | Place    | Note
-------+----------+-------------------------------------------
     0 | D:1      | tricornhat the Demonspawn Berserker began the quest for the Orb.
     0 | D:1      | Reached XP level 1. HP: 18/18 MP: 1/1
   203 | D:1      | Gained mutation: You have a somewhat thin skeletal structure. (Dex +2, Stealth) [demonic ancestry]
   203 | D:1      | Reached XP level 2. HP: 24/24 MP: 2/2
   218 | D:1      | Reached skill level 3 in Long Blades
   312 | D:1      | Reached ** piety under Trog
   492 | D:1      | Reached XP level 3. HP: 20/29 MP: 3/3
  1186 | D:2      | Gained mutation: You have sharp toenails. [demonic ancestry]
  1186 | D:2      | Reached XP level 4. HP: 28/35 MP: 4/4
  1254 | D:2      | Gained mutation: You are occasionally teleported next to monsters. [potion of mutation]
  1254 | D:2      | Gained mutation: You are robust. (+10% HP) [potion of mutation]
  1254 | D:2      | Gained mutation: Your body sometimes deteriorates upon taking damage. [potion of mutation]
  1254 | D:2      | HP: 2/58 [poisoned by an adder]
  1258 | D:2      | Reached skill level 4 in Long Blades
  1663 | D:1      | Reached *** piety under Trog
  1691 | D:1      | Slain by a gnoll

Skill      XL: |  1  2  3  4 |
---------------+-------------+-----
Long Blades    | 3 4 |  4.1
Armour         | 2 |  2.1
Dodging        | 2 |  2.1
Fighting       | |  3.7
Stealth        | |  0.4

Action                   |  1- 3 |  4- 6 || total
-------------------------+-------+-------++-------
Melee: Falchion          |   160 |    55 ||   215
       Kick              |       |    16 ||    16
  Use: Scroll            |     1 |       ||     1
       Potion            |       |     7 ||     7
 Stab: Sleeping          |     1 |       ||     1
       Invisible         |       |     1 ||     1
  Eat: Chunk             |     1 |       ||     1
       Meat ration       |       |     1 ||     1
Armor: Animal skin       |     5 |       ||     5
       Leather armour    |    32 |     7 ||    39
       Skin              |       |     8 ||     8
Dodge: Dodged            |   125 |    35 ||   160
       Rpst.: Falchion   |    48 |    13 ||    61
